 Dungeon Crawl Stone Soup version 0.21.1-1-g345015f (webtiles) character file.

1017 iamserjio the Ducker (level 8, -5/58 HPs)
             Began as an Octopode Monk on Apr 7, 2018.
             Was a Believer of Dithmenos.
             Slain by a gnoll sergeant
             ... wielding a +2 spear of venom
              (9 damage)
             ... on level 5 of the Dungeon.
             The game lasted 00:18:43 (5732 turns).

iamserjio the Ducker (Octopode Monk)                Turns: 5732, Time: 00:18:44

Health: -5/58      AC:  1    Str: 10    XL:     8   Next: 22%
Magic:  8/8        EV: 17    Int: 12    God:    Dithmenos [**....]
Gold:   251        SH:  0    Dex: 17    Spells: 5/7 levels left

rFire    + . .     SeeInvis .   j - +0 rapier
rCold    . . .     Gourm    .   (no shield)
rNeg     . . .     Faith    .   (helmet restricted)
rPois    .         Spirit   .   (no amulet)
rElec    .         Reflect  .   d - ring of protection from fire
rCorr    .         Harm     .   (no ring)
MR       .....                  (no ring)
Stlth    ++++++....             (no ring)
HPRegen  0.19/turn              (no ring)
MPRegen  0.11/turn              (no ring)
                                (no ring)
                                (no ring)

@: lethally poisoned (-5 -> -32), flying, wreathed by umbra
A: almost no armour, stealthy swim, amphibious, 8 rings, constrict 8, camouflage
1, gelatinous body 1
a: Shadow Step, Renounce Religion


You were on level 5 of the Dungeon.
You worshipped Dithmenos.
Dithmenos was pleased with you.
You were not hungry.

You visited 2 branches of the dungeon, and saw 6 of its levels.

You collected 251 gold pieces.

Inventory:

Hand Weapons
 a - a +0 short sword
 j - a +0 rapier (weapon)
 v - a +2 whip of freezing
Jewellery
 d - a ring of protection from fire (left tentacle)
 k - a +4 ring of evasion {unknown}
 p - a cursed ring of loudness {unknown}
Wands
 c - a wand of polymorph (11)
 i - a wand of paralysis (18)
Scrolls
 e - a scroll of immolation {unknown}
 g - a scroll of teleportation {unknown}
 h - 2 scrolls of amnesia {unknown}
 l - 2 scrolls of identify {unknown}
 m - 2 scrolls of remove curse {unknown}
 o - a scroll of enchant weapon {unknown}
 q - a scroll of random uselessness {unknown}
 u - a scroll of blinking {unknown}
Potions
 f - 3 potions of might
 r - 2 potions of lignification {unknown}
 s - a potion of cancellation {unknown}
 t - a potion of flight
Books
 n - a book of Minor Magic

   Spells                             Type                      Level
   a - Magic Dart                     Conjuration                  1
   b - Blink                          Translocation                2
   c - Call Imp                       Summoning                    2
   d - Slow                           Hexes                        2
   e - Conjure Flame                  Conjuration/Fire             3
   f - Mephitic Cloud                 Conjuration/Poison/Air       3
Comestibles
 b - 13 rations


   Skills:
 * Level 6.5 Fighting
 - Level 3.1 Short Blades
 * Level 6.5 Dodging
 + Level 6.4 Stealth


You had 5 spell levels left.
You knew the following spells:

 Your Spells              Type           Power        Failure   Level  Hunger
a - Blink                 Tloc           N/A          45%         2    ###....


Dungeon Overview and Level Annotations

Branches:
Dungeon (5/15)             Temple (1/1) D:4

Altars:
Ashenzari
Cheibriados
Dithmenos
Elyvilon
Gozag
Hepliaklqana
Kikubaaqudgha
Nemelex Xobeh
Okawaru
Qazlal
Ru
Sif Muna
Trog
Uskayaw
Vehumet
Xom
Zin
The Shining One

Shops:
D:5 [


Innate Abilities, Weirdness & Mutations

You cannot wear most types of armour.
You are very stealthy in the water. (Stealth+)
You are amphibious.
You can wear up to eight rings at the same time.
You can use your tentacles to constrict eight enemies at once.
Your skin changes colour to match your surroundings (Stealth+).
Your rubbery body absorbs attacks. (AC +1, EV +1)


Message History

You puncture the gnoll sergeant!
You squeeze the gnoll sergeant, but do no damage.
The gnoll sergeant is heavily wounded.
You constrict the gnoll sergeant.
You feel sick.
The gnoll sergeant hits you with a spear of venom!
You are more poisoned.
You hit the gnoll sergeant but do no damage.
The gnoll sergeant is severely wounded.
You constrict the gnoll sergeant.
You feel very sick.
The gnoll sergeant hits you with a spear of venom!
* * * LOW HITPOINT WARNING * * *
Okay, then.
It was a potion of flight.
You feel very buoyant.
You fly up into the air.
You constrict the gnoll sergeant.
* * * LOW HITPOINT WARNING * * *
You feel sick.
The gnoll sergeant hits you with a spear of venom!
You die...

.## ##........#####...####. ##
#.......## #..## #. #.......#
#..# ##. #......## #..# #..
#......# #..# #... ###......#
#..##.... ##.(......## ........
###...(..g...# ##.......# #
##.......()@..# #......## ##
##..........<..## #......#
.####..........[#...## #.....#
#..............###...###.....##
##..........[.## ##)..........#
#............# ##..........#
#...........## ##...........#
#...........## ##.............
#............####..............


You could see a gnoll sergeant.

Vanquished Creatures
  Pikel (D:5)
  3 slaves
  A centaur zombie (D:5)
  A hound (D:4)
  A jelly (D:5)
  Jessica (D:2)
  8 worker ants
  A killer bee zombie (D:4)
  7 gnolls
  8 adders
  An adder skeleton (D:4)
  3 worms
  5 dart slugs
  4 leopard geckos
  8 orcs
  A ball python (D:3)
  4 giant cockroaches
  5 goblins
  4 hobgoblins
  24 jackals
  A quokka (D:5)
  9 bats
  7 frilled lizards
  5 kobolds
  8 rats
121 creatures vanquished.

Notes
Turn   | Place    | Note
-------+----------+-------------------------------------------
     0 | D:1      | iamserjio the Octopode Monk began the quest for the Orb.
     0 | D:1      | Reached XP level 1. HP: 16/16 MP: 1/1
   147 | D:1      | Reached XP level 2. HP: 21/21 MP: 2/2
   582 | D:1      | Reached XP level 3. HP: 26/26 MP: 3/3
  1171 | D:2      | Noticed Jessica
  1176 | D:2      | Reached XP level 4. HP: 19/33 MP: 4/4
  1178 | D:2      | Killed Jessica
  1954 | D:3      | Reached XP level 5. HP: 37/37 MP: 5/5
  1960 | D:3      | Found a glowing golden altar of the Shining One.
  2762 | D:4      | Reached XP level 6. HP: 26/44 MP: 6/6
  2903 | D:4      | Learned a level 2 spell: Blink
  3368 | D:4      | Found a staircase to the Ecumenical Temple.
  3383 | Temple   | Entered the Ecumenical Temple
  3598 | Temple   | Became a worshipper of Dithmenos the Shadowed
  3598 | Temple   | Reached * piety under Dithmenos
  3598 | Temple   | Reached ** piety under Dithmenos
  3682 | D:4      | Reached skill level 5 in Fighting
  3682 | D:4      | Reached skill level 5 in Dodging
  3682 | D:4      | Reached skill level 5 in Stealth
  3793 | D:5      | Entered Level 5 of the Dungeon
  3935 | D:5      | Reached XP level 7. HP: 44/50 MP: 7/7
  4107 | D:5      | Found Fihotole's Antique Armour Emporium.
  4762 | D:5      | Noticed Pikel
  5555 | D:5      | Killed Pikel
  5555 | D:5      | Reached XP level 8. HP: 24/58 MP: 8/8
  5732 | D:5      | Slain by a gnoll sergeant

Skill      XL: |  1  2  3  4  5  6  7 |
---------------+----------------------+-----
Stealth        | 3 4 5 6 |  6.4
Dodging        | 4 5 6 |  6.5
Fighting       | 4 5 6 |  6.5
Short Blades   | |  3.1

Action                   |  1- 3 |  4- 6 |  7- 9 || total
-------------------------+-------+-------+-------++-------
Melee: Short sword       |    72 |   109 |       ||   181
       Constrict         |    17 |    40 |    14 ||    71
       Tentacles         |    11 |    35 |    16 ||    62
       Rapier            |       |    39 |    76 ||   115
  Use: Potion            |       |     3 |     2 ||     5
 Stab: Sleeping          |    10 |    21 |     5 ||    36
  Eat: Chunk             |     1 |     9 |     5 ||    15
Armor: Skin              |     6 |     6 |     2 ||    14
Dodge: Dodged            |    42 |    90 |    81 ||   213
